 Dungeon Crawl Stone Soup version 0.32-a0-7-ge934b4519a (webtiles) character file.

Game seed: 9725288305847376815

19901 anacleto the Metamorph (level 12, -19/151 HPs)
             Began as a Troll Shapeshifter on Jan 14, 2024.
             Was a Priest of the Shining One.
             Killed from afar by a storm dragon (25 damage)
             ... with a bolt of lightning
             ... on level 13 of the Dungeon.
             The game lasted 00:31:53 (13110 turns).

anacleto the Metamorph (Troll Shapeshifter)        Turns: 13110, Time: 00:31:55

Health: -19/151    AC: 30    Str: 35    XL:     12   Next: 40%
Magic:  16/18      EV:  1    Int:  6    God:    the Shining One [***...]
Gold:   757        SH: 11    Dex:  9    Spells: 19/21 levels left

rFire   . .          .
                       - Unarmed
rCold   . . .        (no shield)
rNeg    + . .        R - melded +2 robe {Will+}
rPois   +            (helmet currently unavailable)
rElec   .            r - melded +1 cloak
rCorr   .            (gloves unavailable)
SInv    .            (boots unavailable)
Will    .....        o - amulet of reflection
Stlth   +            i - +4 ring of protection
HPRegen 1.25/turn    w - +6 ring of strength
MPRegen 0.16/turn

%: reflection
@: mighty, divinely shielded, tree-form, glowing
A: stationary, stasis, torment immunity, boosted hp, large, unfitting armour,
(claws 3), regeneration 1, (shaggy fur 1), (tough skin 1)
a: Renounce Religion, Divine Shield, Cleansing Flame


You were on level 13 of the Dungeon.
You worshipped the Shining One.
The Shining One was most pleased with you.
You were a tree.
You visited 1 branch of the dungeon, and saw 14 of its levels.

You collected 1006 gold pieces.
You spent 249 gold pieces at shops.

Inventory:

Missiles
 j - 13 poisoned darts (quivered)
 k - 5 throwing nets
 n - 6 javelins
 I - 5 boomerangs
 M - a curare-tipped dart
 V - 4 atropa-tipped darts
 Y - 7 large rocks
Armour
 r - a +1 cloak (melded)
 R - a +2 robe of willpower (melded)
Jewellery
 i - a +4 ring of protection (left branch)
 o - an amulet of reflection (around neck)
 q - an amulet of faith
 w - a +6 ring of strength (right branch)
 T - a +6 ring of dexterity
 W - a ring of wizardry
Talismans
 c - a beast talisman
 d - a flux talisman
 C - a serpent talisman (active)
 H - a blade talisman
Wands
 a - a wand of paralysis (2)
 t - a wand of quicksilver (4)
 A - a wand of mindburst (14)
 F - a wand of iceblast (13)
 O - a wand of flame (6)
 S - a wand of polymorph (4)
Scrolls
 g - 4 scrolls of fog
 h - 2 scrolls of vulnerability
 u - 2 scrolls of enchant armour
 y - a scroll of amnesia {unknown}
 D - 2 scrolls of noise {unknown}
 E - 2 scrolls of torment {unknown}
 L - 2 scrolls of fear {unknown}
 Q - 2 scrolls of enchant weapon
 U - a scroll of poison {unknown}
 X - a scroll of silence {unknown}
 Z - a scroll of identify
Potions
 b - 4 potions of lignification
 e - a potion of might
 f - 4 potions of mutation
 l - a potion of haste {unknown}
 m - 2 potions of invisibility {unknown}
 s - 3 potions of resistance {unknown}
 v - a potion of heal wounds
 x - 5 potions of curing
 z - a potion of berserk rage {unknown}
 B - 2 potions of degeneration {unknown}
 G - a potion of enlightenment {unknown}
 J - a potion of magic {unknown}
 K - a potion of brilliance {unknown}
 N - 2 potions of ambrosia {unknown}
Miscellaneous
 P - a tin of tremorstones (2/2)


   Skills:
 + Level 1.8 Fighting
 + Level 1.1 Throwing
 + Level 1.0 Armour
 + Level 2.3 Dodging
 + Level 3.6 Unarmed Combat
 + Level 5.2 Spellcasting
 + Level 6.3 Translocations
 + Level 1.1 Invocations
 * Level 15.2 Shapeshifting


You had 19 spell levels left.
You knew the following spells:

 Your Spells              Type           Power      Damage    Failure   Level
a - Blink                 Tloc           18%        N/A       3%          2

Your spell library contained the following spells:

 Spells                   Type           Power      Damage    Failure   Level
 Volatile Blastmotes      Fire/Tloc      10%        2d10      24%         3
 Freeze                   Ice            4%         1d3       30%         1
 Magic Dart               Conj           4%         1d3       30%         1
 Summon Small Mammal      Summ           4%         N/A       30%         1
 Call Imp                 Summ           2%         N/A       41%         2
 Static Discharge         Conj/Air       2%         3-4/arc   41%         2
 Call Canine Familiar     Summ           1%         N/A       65%         3
 Dazzling Flash           Conj/Hex       2%         N/A       65%         3
 Frozen Ramparts          Ice            2%         1d1       65%         3
 Hailstorm                Conj/Ice       1%         3d5       65%         3
 Airstrike                Air            0%         2d(1-17)  96%         4
 Summon Blazeheart Golem  Fire/Summ      1%         N/A       96%         4
 Summon Lightning Spire   Summ/Air       1%         N/A       96%         4
 Starburst                Conj/Fire      0%         6d3       100%        6
 Maxwell's Capacitive Co  Air            0%         ∞         100%        8


Dungeon Overview and Level Annotations

Branches:
Dungeon (14/15)            Temple (0/1) D:6            Lair (0/5) D:8
    Orc (0/2) D:11
 Vaults: D:13-14

Altars:
Ashenzari
Elyvilon
Gozag
Kikubaaqudgha
Qazlal
Uskayaw
Yredelemnul
The Shining One

Shops:
D:5 :   D:10 **:

Annotations:
D:2 1 runed translucent door, Crazy Yiuf
D:14 Azrael


Innate Abilities, Weirdness & Mutations

You are a tree.
Your roots penetrate the ground, keeping you stationary.
You cannot be teleported.
You are immune to unholy pain and torment.
Your maximum health is greatly increased.
Your equipment is partially melded.
You are too large for most types of armour.
((You have claws for hands.))
Your natural rate of healing is unusually fast.
((You are covered in fur. (AC +1)))
((You have tough skin. (AC +1)))


Message History

You hit the storm dragon.
The storm dragon is moderately wounded.
You block the storm dragon's attack. The storm dragon claws you.
The storm dragon barely misses you.
Okay, then.
Your transformation has ended.
Your +1 cloak unmelds from your body.
Your +2 robe of willpower unmelds from your body.
You feel strong-willed.
You turn into a tree.
Your +1 cloak melds into your body.
Your +2 robe of willpower melds into your body.
You feel less strong-willed.
Your roots penetrate the ground.
The storm dragon bites you but does no damage.
The storm dragon claws you! The storm dragon tramples you.
You feel very mighty all of a sudden.
The storm dragon bites you but does no damage.
The storm dragon claws you but does no damage.
The storm dragon tramples you.
You feel much better.
The storm dragon breathes lightning at you.
The bolt of lightning hits you!! The bolt of lightning hits you!!!
* * * LOW HITPOINT WARNING * * *
You hear a shout!
You barely miss the storm dragon.
The storm dragon is moderately wounded.
The storm dragon bites you but does no damage.
You block the storm dragon's attack.
The storm dragon tramples you but does no damage.
You smack the storm dragon!
The storm dragon is moderately wounded.
You block the storm dragon's attack.
The storm dragon claws you but does no damage.
The storm dragon tramples you but does no damage.
You barely miss the storm dragon.
The storm dragon is moderately wounded.
The storm dragon breathes lightning at you.
The bolt of lightning hits you!!
* * * LOW HITPOINT WARNING * * *
The bolt of lightning hits you!!
You die...

.#### ######.#####
.'..## #..........#
.##..###..........#
.###..##..........#
.# ##......[......#
## ####..........#
#..........# #
#########D## # #.♣#
# ##.## # ##..# ###
#..## #.# #.## #.#
##.# #.# ###..# #.#
#...## ..# #.###


You could see a storm dragon (catching breath).

Vanquished Creatures
  A sphinx (D:12)
  2 yaktaur captains (D:13)
  2 boulder beetles (D:12)
  4 two-headed ogres
  A tengu warrior (D:13)
  2 deep elf pyromancers (D:13)
  3 cyclopes
  5 ugly things
  A manticore (D:11)
  A gargoyle (D:12)
  Joseph (D:9)
  An unseen horror (D:12)
  2 komodo dragons
  Psyche (D:10)
  3 trolls
  Prince Ribbit (D:7)
  A slime creature (D:13)
  5 yaks (D:12)
  A shadow (D:12)
  A centaur simulacrum (D:12)
  A vampire (D:13)
  4 wraiths
  A water elemental (D:11)
  4 vampire mosquitoes
  A hell hound (D:13)
  4 black bears
  5 orc warriors
  3 ice beasts
  2 centaurs
  2 ogres (D:6)
  A phantom (D:5)
  2 kobold brigands
  Blork the orc (D:5)
  A gnoll sergeant (D:8)
  A scorpion (D:6)
  3 wights (D:8)
  14 killer bees
  6 electric eels (D:11)
  A bombardier beetle (D:3)
  7 jellies
  6 orc priests
  4 hounds
  4 iguanas
  3 sleepcaps
  10 orc wizards
  5 gnolls
  6 adders
  A shadow imp (D:7)
  A white imp (D:8)
  4 ufetubi
  6 dart slugs
  A ribbon worm (D:2)
  33 orcs
  4 ball pythons
  6 bats
  8 endoplasms
  4 giant cockroaches
  10 goblins
  4 hobgoblins
  2 jackals (D:4)
  15 kobolds
  3 quokkas
  A frilled lizard (D:1)
  6 rats
250 creatures vanquished.

Notes
Turn   | Place    | Note
-------+----------+-------------------------------------------
     0 | D:1      | anacleto the Troll Shapeshifter began the quest for the
                  | Orb.
     0 | D:1      | Reached XP level 1. HP: 18/18 MP: 0/0
   100 | D:1      | Reached skill level 1 in Fighting
   102 | D:1      | Reached XP level 2. HP: 27/27 MP: 1/1
   408 | D:1      | Reached XP level 3. HP: 33/33 MP: 2/2
   750 | D:2      | You fall into a shaft and drop 1 floor!
   848 | D:2      | Reached skill level 4 in Shapeshifting
   860 | D:2      | Reached XP level 4. HP: 37/41 MP: 3/3
  1085 | D:2      | Found a runed translucent door.
  1086 | D:2      | Noticed Crazy Yiuf
  1654 | D:2      | Found a glowing golden altar of the Shining One.
  1669 | D:2      | Became a worshipper of the Shining One
  2019 | D:3      | Found an ancient bone altar of Kikubaaqudgha.
  2098 | D:3      | Found a stormy altar of Qazlal.
  2099 | D:3      | Found a white marble altar of Elyvilon.
  2275 | D:3      | Reached skill level 5 in Shapeshifting
  2275 | D:3      | Reached XP level 5. HP: 48/48 MP: 4/4
  2717 | D:4      | Reached skill level 6 in Shapeshifting
  2717 | D:4      | Reached XP level 6. HP: 55/55 MP: 5/5
  3378 | D:5      | Entered Level 5 of the Dungeon
  3378 | D:5      | Noticed Blork the orc
  3385 | D:5      | Killed Blork the orc
  3386 | D:5      | Reached skill level 7 in Shapeshifting
  3386 | D:5      | Reached XP level 7. HP: 44/62 MP: 6/6
  3413 | D:5      | Found a hide-covered altar of Uskayaw.
  3729 | D:5      | Reached skill level 8 in Shapeshifting
  4051 | D:5      | Reached XP level 8. HP: 53/70 MP: 7/7
  4121 | D:5      | Reached skill level 9 in Shapeshifting
  4277 | D:5      | Reached * piety under the Shining One
  4503 | D:5      | Found Douhex's Book Boutique.
  4699 | D:6      | Reached skill level 10 in Shapeshifting
  4758 | D:6      | Found an opulent altar of Gozag.
  4829 | D:6      | Found a staircase to the Ecumenical Temple.
  4880 | D:6      | Reached skill level 11 in Shapeshifting
  4880 | D:6      | Reached XP level 9. HP: 68/76 MP: 8/8
  4930 | D:6      | Found a basalt altar of Yredelemnul.
  5128 | D:7      | Learned a level 2 spell: Blink
  5279 | D:7      | Noticed Prince Ribbit
  5296 | D:7      | Killed Prince Ribbit
  5551 | D:7      | Found a broken altar of Ashenzari.
  5641 | D:7      | Reached skill level 1 in Translocations
  5675 | D:7      | Reached skill level 1 in Spellcasting
  5969 | D:8      | Found a staircase to the Lair.
  7301 | D:8      | Identified the +1 long sword of Dismay {freeze, rPois rF-
                  | rN+ Will++}
  7461 | D:9      | Noticed a two-headed ogre
  7467 | D:10     | Entered Level 10 of the Dungeon
  7499 | D:9      | Killed a two-headed ogre
  7500 | D:9      | Reached skill level 12 in Shapeshifting
  7518 | D:9      | Noticed Joseph
  7540 | D:9      | Killed Joseph
  7541 | D:9      | Reached XP level 10. HP: 41/84 MP: 12/12
  7980 | D:10     | Found Leja's Book Shoppe.
  7980 | D:10     | Found Evid's General Store.
  7980 | D:10     | Found Emys's Assorted Antiques.
  8373 | D:10     | Noticed a two-headed ogre
  8377 | D:10     | Killed a two-headed ogre
  8475 | D:10     | Noticed a two-headed ogre
  8482 | D:10     | Killed a two-headed ogre
  8483 | D:10     | Reached skill level 13 in Shapeshifting
  8787 | D:10     | Reached ** piety under the Shining One
  8817 | D:10     | Noticed Psyche
  8825 | D:10     | Killed Psyche
  9093 | D:11     | Noticed a manticore
  9114 | D:11     | Killed a manticore
  9277 | D:11     | Found a staircase to the Orcish Mines.
  9284 | D:11     | Identified the +6 rapier of Yttadita {flame, Will++}
  9332 | D:11     | Reached XP level 11. HP: 86/91 MP: 15/15
  9769 | D:10     | Bought 2 potions of heal wounds for 210 gold pieces
  9769 | D:10     | Bought a metallic inky potion for 18 gold pieces
  9769 | D:10     | Bought a scroll labelled ACAGIG QI ZEINN for 21 gold pieces
 10015 | D:12     | Noticed a boulder beetle
 10035 | D:12     | Killed a boulder beetle
 10128 | D:12     | Noticed a cyan ugly thing
 10137 | D:12     | Killed a cyan ugly thing
 10206 | D:12     | Reached skill level 5 in Translocations
 10266 | D:12     | Reached skill level 14 in Shapeshifting
 10382 | D:12     | Noticed a boulder beetle
 10395 | D:12     | Killed a boulder beetle
 10502 | D:12     | Noticed a red ugly thing
 10619 | D:12     | Noticed a brown ugly thing
 10626 | D:12     | Killed a brown ugly thing
 10633 | D:12     | Killed a brown ugly thing
 10763 | D:12     | Noticed a white ugly thing
 10771 | D:12     | Killed a white ugly thing
 11137 | D:13     | Noticed a purple ugly thing
 11149 | D:13     | Killed a purple ugly thing
 11287 | D:13     | Found a huge runed translucent gate.
 11287 | D:13     | Found a huge runed translucent gate.
 11287 | D:13     | Found a huge runed translucent gate.
 11287 | D:13     | Found a huge runed translucent gate.
 11287 | D:13     | Found a huge runed translucent gate.
 11287 | D:13     | Found a huge runed translucent gate.
 11287 | D:13     | Found a huge runed translucent gate.
 11287 | D:13     | Found a huge runed translucent gate.
 11287 | D:13     | Found a huge runed translucent gate.
 11287 | D:13     | Found a huge runed translucent gate.
 11290 | D:13     | Found a huge runed translucent gate.
 11290 | D:13     | Found a huge runed translucent gate.
 11291 | D:13     | Found a huge runed translucent gate.
 11292 | D:13     | Found a huge runed translucent gate.
 11293 | D:13     | Found a huge runed translucent gate.
 11294 | D:13     | Found a huge runed translucent gate.
 11336 | D:13     | Found a huge runed translucent gate.
 11336 | D:13     | Found a huge runed translucent gate.
 11346 | D:13     | Found a huge runed translucent gate.
 11347 | D:13     | Found a huge runed translucent gate.
 11348 | D:13     | Found a huge runed translucent gate.
 11348 | D:13     | Found a huge runed translucent gate.
 11349 | D:13     | Found a huge runed translucent gate.
 11350 | D:13     | Found a huge runed translucent gate.
 11351 | D:13     | Found a huge runed translucent gate.
 11352 | D:13     | Found a huge runed translucent gate.
 11353 | D:13     | Found a huge runed translucent gate.
 11354 | D:13     | Found a huge runed translucent gate.
 11355 | D:13     | Found a huge runed translucent gate.
 11355 | D:13     | Found a huge runed translucent gate.
 11355 | D:13     | Noticed a two-headed ogre
 11368 | D:13     | Killed a two-headed ogre
 11369 | D:13     | Reached XP level 12. HP: 100/100 MP: 18/18
 11373 | D:13     | Found a huge runed translucent gate.
 11374 | D:13     | Found a huge runed translucent gate.
 11374 | D:13     | Found a huge runed translucent gate.
 11374 | D:13     | Found a huge runed translucent gate.
 11374 | D:13     | Found a huge runed translucent gate.
 11378 | D:13     | Found a huge runed translucent gate.
 11661 | D:13     | Reached skill level 5 in Spellcasting
 12009 | D:13     | Noticed a sphinx
 12009 | D:13     | Noticed a yaktaur captain
 12009 | D:13     | Noticed a yaktaur captain
 12009 | D:13     | Noticed a fire giant
 12009 | D:13     | Noticed a tengu warrior
 12009 | D:13     | Reached *** piety under the Shining One
 12009 | D:13     | Noticed a satyr
 12009 | D:13     | Noticed an ettin
 12009 | D:13     | Noticed a deep elf annihilator
 12009 | D:13     | Noticed a storm dragon
 12010 | D:13     | Noticed a storm dragon
 12012 | D:13     | Noticed a war gargoyle
 12138 | D:12     | Paralysed by a sphinx for 3 turns
 12142 | D:12     | Killed a sphinx
 12143 | D:12     | Reached skill level 15 in Shapeshifting
 12430 | D:14     | Noticed Azrael
 12754 | D:13     | Killed a yaktaur captain
 12871 | D:13     | Killed a tengu warrior
 12946 | D:13     | Killed a yaktaur captain
 13007 | D:13     | Reached skill level 1 in Throwing
 13007 | D:13     | Reached skill level 1 in Armour
 13007 | D:13     | Reached skill level 1 in Invocations
 13110 | D:13     | HP: 6/151 [storm dragon/bolt of lightning (20)]
 13110 | D:13     | Killed from afar by a storm dragon

Illustrated notes

Levels and vault maps discovered:
D:1:      dpeg_arrival_connections, layout_basic
D:2:      layout_basic, basic_altar, uniq_crazy_yiuf_cottage
D:3:      layout_loops_cross, lemuel_crystal_altar,
          mainiacjoe_overflow_divided_tiny, minmay_fractal_squares_diagonal_5
D:4:      layout_basic, chequers_decorated_corner
D:5:      layout_gridville, nicolae_uskayaw_dance_hall, serial_shops, shop,
          uniq_blork_the_orc
D:6:      layout_rooms, general_overflow_altar, lemuel_tele_altar,
          temple_fountains
D:7:      layout_gridville, ashenzari_altar_1, uniq_prince_ribbit1
D:8:      layout_basic, dpeg_oklobed_lair, chequers_serial_rivers_micro_e,
          chequers_serial_rivers_micro_d
D:9:      layout_rooms, nicolae_elevator_lobby_asterisk, uniq_joseph
D:10:     layout_stronghold, nicolae_shop_distant_corner_stores,
          nicolae_twisting_strands, minivault_5, chequers_garden,
          serial_park_tiny_2, uniq_psyche
D:11:     layout_basic
D:12:     layout_basic, minmay_starry_boxes
D:13:     layout_roguey, door_vault
D:14:     layout_loops_cross, erik_vaults_1, hangedman_abyss_or_decor_stagger,
          serial_shops, shop, uniq_rupert, uniq_azrael

Skill      XL: |  1  2  3  4  5  6  7  8  9 10 11 12 |
---------------+-------------------------------------+-----
Fighting       | 1 |  1.8
Shapeshifting  | 4 5 6 7 8 11 12 13 14 15 | 15.2
Translocations | 2 4 6 |  6.3
Spellcasting   | 2 3 4 5 |  5.2
Dodging        | 2 |  2.3
Throwing       | 1 |  1.1
Armour         | 1 |  1.0
Invocations    | 1 |  1.1
Unarmed Combat | |  3.6

Action                     |  1- 3 |  4- 6 |  7- 9 | 10-12 || total
---------------------------+-------+-------+-------+-------++-------
  Melee: Unarmed           |    92 |    96 |   257 |   301 ||   746
         Punch             |       |     1 |       |       ||     1
         Constrict         |       |     2 |    32 |    50 ||    84
 Invoke: Divine Shield     |       |       |     5 |     8 ||    13
Ability: Begin Untransform |       |     2 |     2 |     1 ||     5
  Evoke: Wand              |       |       |       |    19 ||    19
    Use: Potion            |       |       |     3 |     8 ||    11
         Scroll            |       |       |     6 |     8 ||    14
   Stab: Sleeping          |     1 |       |       |       ||     1
 Armour: Animal skin       |    92 |    58 |       |       ||   150
         Skin              |       |     2 |   323 |   352 ||   677
  Dodge: Dodged            |    49 |    30 |   172 |   128 ||   379
  Block: Other             |       |       |     9 |    44 ||    53
   Form: Beast             |       |     1 |       |       ||     1
         Serpent           |       |     1 |     1 |     1 ||     3
         Flux              |       |       |     1 |       ||     1

Table legend: (Time is in decaauts)
 A = Elapsed time spent in this place.
 B = Non-inter-level travel time spent in this place.
 C = Inter-level travel time spent in this place.
 D = Time resting spent in this place.
 E = Time spent auto-exploring this place.
 F = Levels seen in this place.
 G = Mean time per level.
                   A        B        C        D        E       F      G
               +--------+--------+--------+--------+--------+-----+--------+
         Total |  13162 |  12658 |    504 |   1932 |   7923 |  14 |  940.1 |
       Dungeon |  13162 |  12658 |    504 |   1932 |   7923 |  14 |  940.1 |
               +--------+--------+--------+--------+--------+-----+--------+

Top non-repeatable levels by time:
    D:12: 1868 daAuts
    D:13: 1451 daAuts
     D:2: 1345 daAuts
     D:7: 1151 daAuts
     D:8: 1129 daAuts
    D:10: 1120 daAuts
     D:5: 1054 daAuts
     D:4: 966 daAuts
    D:11: 804 daAuts
     D:3: 674 daAuts
     D:1: 595 daAuts
     D:9: 530 daAuts
     D:6: 461 daAuts
    D:14: 7 daAuts
